 Dungeon Crawl Stone Soup version 0.26.0-3-g156281e41b (webtiles) character file.

Game seed: 11368099350346844865

43185 barott the Blocker (level 14, -10/88 HPs)
             Began as a Gargoyle Fighter on Jan 9, 2021.
             Was a High Priest of Okawaru.
             Splashed by an oklob plant's acid (13 damage)
             ... on level 5 of the Lair of Beasts.
             The game lasted 00:49:14 (19341 turns).

barott the Blocker (Gargoyle Fighter)              Turns: 19341, Time: 00:49:15

Health: -10/88     AC: 13    Str: 25    XL:     14   Next: 23%
Magic:  15/16      EV: 13    Int: 11    God:    Okawaru [*****.]
Gold:   1252       SH: 22    Dex:  9    Spells: 13/13 levels left

rFire    x . .     SeeInvis .   M - +2 flail (drain)
rCold    + + .     Faith    .   Q - +1 kite shield {reflect}
rNeg     + + .     Spirit   .   e - +2 chain mail {rC+}
rPois    ∞         Reflect  +   n - +0 hat "Oghejoh" {Int+2 Slay+3 Stlth-}
rElec    +         Harm     +   q - scarf {harm}
rCorr    .         Rampage  .   (no gloves)
Will     +....                  E - +2 pair of boots
Stlth    ..........             x - amulet of reflection
HPRegen  0.24/turn              f - ring of ice
MPRegen  0.15/turn              Z - ring of positive energy

@: heroism, corroded, flying
A: big wings, negative energy resistance 1, electricity resistance, unbreathing,
petrification resistance, miasma immunity, AC +10
a: Stop Flying, Renounce Religion, Heroism, Finesse


You were on level 5 of the Lair of Beasts.
You worshipped Okawaru.
Okawaru was extremely pleased with you.
You visited 2 branches of the dungeon, and saw 16 of its levels.
You also visited: Sewer and Ice Cave.

You collected 1252 gold pieces.

Inventory:

Hand Weapons
 M - a +2 flail of draining (weapon)
Armour
 e - a +2 chain mail of cold resistance (worn)
 h - a +0 helmet
 n - the +0 hat "Oghejoh" (worn) {Int+2 Slay+3 Stlth-}
   (Okawaru gifted it to you on level 4 of the Lair of Beasts)

   It affects your intelligence (+2).
   It affects your accuracy and damage with ranged weapons and melee attacks
   (+3).
   It makes you less stealthy.
 q - a scarf of harm (worn)
 E - a +2 pair of boots (worn)
 Q - a +1 kite shield of reflection (worn)
Jewellery
 a - an uncursed ring of ice
 f - a ring of ice (left hand)
 x - an amulet of reflection (around neck)
 N - an uncursed ring of magical power
 P - an uncursed ring of magical power
 X - an uncursed amulet of magic regeneration {unknown}
 Z - a ring of positive energy (right hand)
Wands
 B - a wand of random effects (37)
 C - a wand of flame (15)
 D - a wand of iceblast (23)
 H - a wand of disintegration (6)
 J - a wand of acid (24)
Scrolls
 b - a scroll of torment {unknown}
 c - a scroll of identify
 k - 12 scrolls of teleportation
 o - 3 scrolls of random uselessness
 r - 2 scrolls of blinking
 s - 7 scrolls of enchant armour
 t - 6 scrolls of immolation
 w - 4 scrolls of fog
 y - a scroll of noise
 z - 3 scrolls of amnesia
 A - 3 scrolls of enchant weapon {unknown}
 I - a scroll of summoning
 L - a scroll of brand weapon
 O - 3 scrolls of remove curse
 S - a scroll of magic mapping
 T - a scroll of holy word {unknown}
 U - 2 scrolls of fear {unknown}
 W - a scroll of vulnerability {unknown}
 Y - a scroll of silence {unknown}
Potions
 d - a potion of might
 i - 3 potions of flight {unknown}
 j - a potion of cancellation {unknown}
 l - 4 potions of magic
 m - 4 potions of lignification
 p - 2 potions of berserk rage
 u - 2 potions of heal wounds
 v - 2 potions of brilliance {unknown}
 F - 3 potions of haste {unknown}
 G - a potion of degeneration {unknown}
 K - a potion of ambrosia {unknown}
 R - 3 potions of curing
 V - 2 potions of mutation {unknown}
Miscellaneous
 g - a box of beasts


   Skills:
 + Level 10.5(15.5) Fighting
 + Level 13.9(18.9) Maces & Flails
 + Level 10.0(15.0) Armour
 + Level 5.2(10.2) Dodging
 + Level 2.4(7.4) Stealth
 + Level 14.8(19.8) Shields
 + Level 2.8 Invocations


You had 13 spell levels left.
You didn't know any spells.
Your spell library contained the following spells:

 Spells                   Type           Power        Failure   Level
 Animate Skeleton         Necr           0%           80%         1
 Apportation              Tloc           0%           80%         1
 Corona                   Hex            0%           80%         1
 Shock                    Conj/Air       0%           80%         1
 Summon Small Mammal      Summ           0%           80%         1
 Ensorcelled Hibernation  Hex/Ice        0%           91%         2
 Swiftness                Air            0%           91%         2
 Confusing Touch          Hex            0%           99%         3
 Dazzling Flash           Conj/Hex       0%           99%         3
 Gell's Gravitas          Tloc           0%           99%         3
 Static Discharge         Conj/Air       0%           99%         3
 Tukima's Dance           Hex            0%           99%         3
 Airstrike                Air            0%           100%        4
 Petrify                  Tmut/Erth      0%           100%        4
 Irradiate                Conj/Tmut      0%           100%        5
 Lightning Bolt           Conj/Air       0%           100%        5
 Metabolic Englaciation   Hex/Ice        0%           100%        5
 Yara's Violent Unravell  Hex/Tmut       0%           100%        5
 Hydra Form               Tmut           0%           100%        6
 Dragon Form              Tmut           0%           100%        7
 Statue Form              Tmut/Erth      Unusable     N/A         6

Dungeon Overview and Level Annotations

Branches:
Dungeon (11/15)            Temple (0/1) D:6            Lair (5/6) D:8
 Shoals (0/4) Lair:3        Snake (0/4) Lair:4        Slime (0/5) Lair:5
    Orc (0/2) D:11          Sewer (visited)           IceCv (visited)

Altars:
Dithmenos
Elyvilon
Fedhas
Okawaru
Qazlal
Ru
Sif Muna
Trog
Wu Jian
Xom
Yredelemnul
Zin

Annotations:
Lair:5 exclusion: 3 oklob plants


Innate Abilities, Weirdness & Mutations

You are resistant to torment.
Your stone body is resilient. (AC +10)
You are immune to poison.
Your large and strong wings let you fly indefinitely.
You resist negative energy. (rN+)
You are resistant to electric shocks. (rElec)
You can survive without breathing.
You are immune to petrification.
You are immune to miasma.


Message History

The splash of acid hits you. The acid corrodes you!
You are splashed with acid!
You hit the oklob plant but do no damage.
You hit the oklob plant but do no damage.
The oklob plant spits acid at you. The splash of acid hits you!
You are splashed with acid!
The oklob plant spits acid at you. The splash of acid hits you.
The acid corrodes you!
You are splashed with acid!
* * * LOW HITPOINT WARNING * * *
The oklob plant spits acid at you. The splash of acid hits you.
* * * LOW HITPOINT WARNING * * *
The acid corrodes you!
You are splashed with acid.
* * * LOW HITPOINT WARNING * * *
Unknown command.
You feel much better. The oklob plant spits acid at you.
The splash of acid hits you!
* * * LOW HITPOINT WARNING * * *
The acid corrodes you!
You are splashed with acid!
You die...

.. ### ##
#..............
##.##.###...............
#.#..##.#..............
.......#..##P.........
........# ##........#
........# #.....>P..#
.......## #..P.P..#
.......## #...@...#
........# ##......#
.......## ##...### ....
.....### #..## .....
.....# ##.P# ####..#
.....# ##.####
#.#...##### .....#
#..##.###.....##≈#.
.....#
#P............#≈##.
....##
#####........##≈≈#(


You could see 3 oklob plants.

Vanquished Creatures
  Rupert (Lair:4)
  Kirke (Lair:4)
  Josephine (Lair:5)
  A boulder beetle (Lair:1)
  3 hydras
  2 centaur warriors (D:10)
  5 two-headed ogres
  A fire crab (Lair:4)
  A skeletal warrior (D:10)
  2 ugly things (IceCv)
  Pikel (D:5)
  A cyclops (D:11)
  An elephant (D:8)
  4 black mambas
  2 ice statues (IceCv)
  A torpor snail (Lair:4)
  A gargoyle (D:11)
  8 cane toads
  2 kobold demonologists
  3 rime drakes
  3 komodo dragons
  3 polar bears
  Grinder (D:4)
  14 blink frogs
  A dream sheep (Lair:4)
  A shadow (D:11)
  A spriggan (Lair:4)
  6 wraiths
  3 wyverns
  2 hogs (Lair:4)
  34 yaks
  A basilisk (Lair:4)
  3 nagas (Lair:4)
  Duvessa (D:4)
  12 water moccasins
  2 black bears (D:8)
  12 ice beasts
  2 orc warriors (D:9)
  3 sky beasts
  4 phantoms
  2 necrophages
  6 ogres
  14 wolves (Lair:4)
  11 centaurs
  2 big kobolds (D:9)
  14 bullfrogs
  A water moccasin zombie (D:10)
  3 scorpions
  Dowan (D:4)
  20 killer bees
  8 wights (D:7)
  7 howler monkeys
  A centaur zombie (D:8)
  4 jellies
  A bullfrog skeleton (D:5)
  A gnoll shaman (D:9)
  3 orc priests
  Crazy Yiuf (D:4)
  3 hounds
  5 centaur skeletons
  4 iguanas
  Jessica (D:3)
  7 orc wizards
  5 worker ants
  A killer bee zombie (D:8)
  6 ogre zombies (D:11)
  A hound zombie (D:10)
  A hound skeleton (D:4)
  A worker ant zombie (D:10)
  7 gnolls
  9 adders
  4 shadow imps
  3 white imps
  An ufetubus (D:6)
  3 oozes
  An adder skeleton (D:7)
  7 worms
  4 dart slugs (D:2)
  3 leopard geckos
  23 orcs
  8 bats
  9 giant cockroaches
  7 goblins
  8 hobgoblins
  12 jackals
  2 quokkas
  5 ball pythons
  8 frilled lizards (Sewer)
  A giant cockroach zombie (D:6)
  2 gnoll zombies (D:4)
  A goblin skeleton (D:11)
  A goblin zombie (D:11)
  2 hobgoblin zombies (D:11)
  A jackal zombie (D:9)
  8 kobolds
  3 orc skeletons (D:11)
  12 orc zombies (D:11)
  7 rats
448 creatures vanquished.

Vanquished Creatures (others)
  A dream sheep (Lair:4)
  3 humans (Lair:4)
  3 bushes (Lair:4)
  12 fungi
  19 plants
38 creatures vanquished.

Grand Total: 486 creatures vanquished

Notes
Turn   | Place    | Note
-------+----------+-------------------------------------------
     0 | D:1      | barott the Gargoyle Fighter began the quest for the Orb.
     0 | D:1      | Reached XP level 1. HP: 14/14 MP: 1/1
   147 | D:1      | Reached XP level 2. HP: 19/19 MP: 2/2
   899 | D:2      | Reached XP level 3. HP: 23/23 MP: 3/3
  1231 | D:2      | Reached skill level 4 in Shields
  1231 | D:2      | Reached XP level 4. HP: 28/28 MP: 4/4
  1606 | D:2      | Found a shimmering altar of Xom.
  2073 | D:3      | Noticed Jessica
  2087 | D:3      | Killed Jessica
  2088 | D:3      | Reached XP level 5. HP: 21/33 MP: 5/5
  2379 | D:3      | Found a shadowy altar of Dithmenos.
  2465 | D:4      | Noticed Dowan
  2532 | D:4      | Noticed Duvessa
  2534 | D:4      | Killed Dowan
  2535 | D:4      | Reached skill level 1 in Dodging
  2561 | D:4      | Killed Duvessa
  2562 | D:4      | Reached XP level 6. HP: 10/38 MP: 6/6
  2565 | D:4      | Reached skill level 5 in Shields
  2631 | D:4      | Found a glowing drain.
  2668 | Sewer    | Entered a sewer
  3126 | D:4      | Found a runed translucent door.
  3127 | D:4      | Noticed Crazy Yiuf
  3208 | D:4      | Found a bloodstained altar of Trog.
  3287 | D:4      | Killed Crazy Yiuf
  3288 | D:4      | Reached XP level 7. HP: 43/43 MP: 7/7
  3421 | D:4      | Found a glowing silver altar of Zin.
  3580 | D:4      | Noticed Grinder
  3601 | D:4      | Killed Grinder
  3602 | D:4      | Reached skill level 5 in Maces & Flails
  3717 | D:4      | Found a basalt altar of Yredelemnul.
  3891 | D:5      | Entered Level 5 of the Dungeon
  3894 | D:5      | Noticed Pikel
  3922 | D:5      | Killed Pikel
  3923 | D:5      | Reached skill level 5 in Armour
  3923 | D:5      | Reached skill level 6 in Shields
  3923 | D:5      | Reached XP level 8. HP: 17/48 MP: 8/8
  4317 | D:5      | Reached skill level 5 in Fighting
  4512 | D:5      | Found a blossoming altar of Fedhas.
  4963 | D:6      | Found a sacrificial altar of Ru.
  4978 | D:6      | Found an iron altar of Okawaru.
  4985 | D:6      | Became a worshipper of Warmaster Okawaru
  5041 | D:6      | Reached XP level 9. HP: 49/54 MP: 9/9
  5192 | D:6      | Found a white marble altar of Elyvilon.
  5275 | D:6      | Found a staircase to the Ecumenical Temple.
  5660 | D:7      | Reached * piety under Okawaru
  5661 | D:7      | Reached skill level 7 in Shields
  5738 | D:7      | Found a stormy altar of Qazlal.
  6497 | D:7      | Found a shimmering blue altar of Sif Muna.
  6842 | D:7      | Reached ** piety under Okawaru
  7077 | D:8      | Reached skill level 8 in Shields
  7077 | D:8      | Reached XP level 10. HP: 55/60 MP: 10/10
  7436 | D:8      | Found a staircase to the Lair.
  7541 | D:8      | Noticed an elephant
  7561 | D:8      | Killed an elephant
  7562 | D:8      | Reached skill level 1 in Stealth
  7753 | D:9      | Found a shimmering altar of Xom.
  7755 | D:9      | Found a shimmering altar of Xom.
  7755 | D:9      | Found a shimmering altar of Xom.
  7756 | D:9      | Found a shimmering altar of Xom.
  7860 | D:9      | Reached *** piety under Okawaru
  8578 | D:9      | Reached skill level 10 in Maces & Flails
  8840 | D:9      | Reached skill level 9 in Shields
  9452 | D:9      | Found an ornate altar of the Wu Jian Council.
  9513 | D:10     | Entered Level 10 of the Dungeon
  9608 | D:10     | Noticed a two-headed ogre
  9755 | D:9      | Killed a two-headed ogre
  9755 | D:9      | Reached **** piety under Okawaru
  9756 | D:9      | Reached XP level 11. HP: 16/67 MP: 9/11
 10103 | D:9      | Reached skill level 10 in Shields
 10241 | D:10     | Noticed a two-headed ogre
 10257 | D:10     | Killed a two-headed ogre
 10272 | D:10     | Noticed a two-headed ogre
 10314 | D:9      | Killed a two-headed ogre
 10546 | D:10     | Reached ***** piety under Okawaru
 10661 | D:10     | Noticed a two-headed ogre
 10677 | D:10     | Killed a two-headed ogre
 10677 | D:10     | Received a gift from Okawaru
 10892 | D:10     | Noticed a centaur warrior
 10895 | D:10     | Noticed a centaur warrior
 10896 | D:10     | Noticed a skeletal warrior
 10936 | D:10     | HP: 2/68 [centaur warrior/arrow (9)]
 10949 | D:10     | HP: 3/68 [killer bee (1)]
 11446 | D:10     | Killed a centaur warrior
 11464 | D:10     | Killed a centaur warrior
 11465 | D:10     | Reached skill level 11 in Shields
 11465 | D:10     | Reached skill level 1 in Invocations
 11721 | D:10     | HP: 1/68 [ice beast (3)]
 11736 | D:10     | Killed a skeletal warrior
 12049 | D:10     | Reached XP level 12. HP: 72/73 MP: 13/13
 12727 | D:11     | Found a staircase to the Orcish Mines.
 12963 | D:11     | Reached skill level 12 in Shields
 13504 | D:11     | Noticed a two-headed ogre
 13511 | D:11     | Killed a two-headed ogre
 13665 | D:11     | Received a gift from Okawaru
 14173 | Lair:1   | Entered Level 1 of the Lair of Beasts
 14717 | Lair:1   | Noticed a boulder beetle
 14743 | Lair:1   | Killed a boulder beetle
 15173 | Lair:2   | Noticed a five-headed hydra
 15187 | Lair:2   | Killed a five-headed hydra
 15621 | Lair:2   | Noticed a four-headed hydra
 15628 | Lair:2   | Killed a four-headed hydra
 15810 | Lair:3   | Reached XP level 13. HP: 48/80 MP: 15/15
 15875 | Lair:3   | Reached skill level 13 in Shields
 15956 | Lair:3   | Found a frozen archway.
 16003 | IceCv    | Entered an ice cave
 16006 | IceCv    | Found a transporter.
 16162 | IceCv    | Found a transporter.
 16647 | Lair:3   | Received a gift from Okawaru
 16648 | Lair:3   | Found the +7 sceptre of Torment {pain, torment}
 16771 | Lair:3   | Found a staircase to the Shoals.
 17350 | Lair:4   | Found a staircase to the Snake Pit.
 17572 | Lair:4   | Noticed Rupert
 17588 | Lair:4   | Killed Rupert
 17589 | Lair:4   | Reached skill level 10 in Fighting
 17589 | Lair:4   | Reached skill level 14 in Shields
 17609 | Lair:4   | Noticed Kirke
 17658 | Lair:4   | Noticed a sphinx
 17659 | Lair:4   | Killed Kirke
 18030 | Lair:4   | Received a gift from Okawaru
 18046 | Lair:4   | Got a masterwork hat {god gift}
 18056 | Lair:4   | Identified the +0 hat "Oghejoh" {Int+2 Slay+3 Stlth-}
                  | (Okawaru gifted it to you on level 4 of the Lair of Beasts)
 18168 | Lair:4   | Gained mutation: Your large and strong wings let you fly
                  | indefinitely. [Gargoyle growth]
 18168 | Lair:4   | Reached XP level 14. HP: 69/88 MP: 16/16
 18175 | Lair:4   | Reached skill level 5 in Dodging
 18982 | Lair:5   | Noticed Josephine
 18993 | Lair:5   | Killed Josephine
 18994 | Lair:5   | Reached skill level 10 in Armour
 19199 | Lair:5   | Found a white marble altar of Elyvilon.
 19333 | Lair:5   | Found a staircase to the Slime Pits.
 19340 | Lair:5   | HP: 2/88 [acid (7)]
 19341 | Lair:5   | Splashed by an oklob plant's acid

Illustrated notes

Levels and vault maps discovered:
D:1:      arrival_zaba_pyramid, layout_basic
D:2:      layout_loops_ring, nicolae_overflow_hidden_temple
D:3:      layout_basic, nicolae_dithmenos_through_a_glass_darkly, uniq_jessica
D:4:      layout_rooms, lemuel_zombie_altar_yredelemnul, bloody_trog,
          marbit_many_paths, portal_sewer_entry_a, dk_noncrumbling_4,
          kennysheep_generic_room_9, uniq_crazy_yiuf_cottage, uniq_duvessa,
          uniq_grinder
D:5:      layout_loops_cross, fedhas_altar_fruit_tree, uniq_pikel
D:6:      layout_cave_pools, okawaru_gym_becter, lemuel_round_altar,
          lemuel_crystal_altar, minmay_temple_entry_water_ring,
          chequers_serial_rivers_large_a
D:7:      layout_basic, nicolae_overflow_crystal_walls, serial_glass,
          glass_columns_c, glass_columns_a, lemuel_blue_sif_altar
D:8:      layout_cave_pools, david_lair_generic, lemuel_flame_loot_1
D:9:      layout_irregular_city, pdpol_wu_jian_five_deadly_venoms,
          serial_co_window_serial, co_window_corner_a, co_window_paths_b,
          co_window_corner_a, co_window_paths_b, co_window_of_opportunity_a,
          co_window_of_opportunity_a, co_window_of_opportunity_a,
          co_window_2corner, co_window_of_opportunity_b,
          co_window_of_opportunity_c, co_window_2corner, co_window_4corner_b,
          co_window_paths_d, glass_columns_a, xom_redecorated
D:10:     minmay_quarter_circles, layout_basic
D:11:     layout_cave_pods, zombieorc1_lemuel, st_stairs_7
Lair:1:   layout_regular_city, nzn_sisyphean_effort, grunt_megastairs_2
Lair:2:   layout_cave_shapes, infiniplex_staircase_pool, grunt_megastairs_4
Lair:3:   layout_cellular_growth, elwin_shoals_entry_rocks,
          portal_ice_cave_entry_pillars_1
Lair:4:   layout_roguey, minmay_snake_entry_guardpost_small,
          grunt_forest_large_clearing_hut, infiniplex_staircase_pool_2,
          uniq_kirke, uniq_rupert
Lair:5:   layout_cellular_growth, minmay_slime_entry_oklob_open,
          lemuel_centaur_altar, uniq_josephine

Skill      XL: |  1  2  3  4  5  6  7  8  9 10 11 12 13 14 |
---------------+-------------------------------------------+-----
Shields        | 4 5 6 8 9 11 12 14 | 14.8
Maces & Flails | 3 4 6 7 9 10 11 12 13 | 13.9
Armour         | 4 5 6 7 8 9 10 | 10.0
Dodging        | 1 2 3 4 5 |  5.2
Fighting       | 4 5 6 7 8 9 10 | 10.5
Stealth        | 1 2 |  2.4
Invocations    | 1 2 |  2.8

Action                   |  1- 3 |  4- 6 |  7- 9 | 10-12 | 13-15 || total
-------------------------+-------+-------+-------+-------+-------++-------
Melee: Flail             |    95 |   226 |   399 |  1058 |   486 ||  2264
Invok: Heroism           |       |       |       |    17 |     9 ||    26
       Finesse           |       |       |       |     4 |       ||     4
 Abil: Fly               |       |       |       |       |     1 ||     1
  Use: Scroll            |       |    10 |       |     5 |     4 ||    19
       Potion            |       |       |       |     7 |     1 ||     8
Armor: Scale mail        |    38 |   135 |    54 |       |       ||   227
       Chain mail        |       |       |   199 |   662 |   191 ||  1052
Dodge: Dodged            |    27 |    87 |   123 |   396 |   139 ||   772
Block: Kite shield       |    59 |   127 |   266 |   860 |   538 ||  1850
       Reflection        |       |       |       |     1 |    14 ||    15
